Havana Tropicals vs Atlantic City Gamblers
Created - Thursday, February 6, 2025 at 09:40
Goals
|
| Havana Tropicals |
2 |
2 |
1 |
5 |
| Atlantic City Gamblers |
2 |
1 |
1 |
4 |
|
Shots
|
| Havana Tropicals |
9 |
13 |
6 |
28 |
| Atlantic City Gamblers |
10 |
12 |
10 |
32 |
|
1st period
1. Havana Tropicals , Samuel Blais 3 (Jakub Vrana 2, Mattias Norlinder 2) at 5:01
2. Atlantic City Gamblers , Isac Lundestrom 1 (Nils Hoglander 2, Boris Katchouk 4) at 9:05
3. Havana Tropicals , Jakub Vrana 2 (Matt Grzelcyk 1, Samuel Blais 3) at 10:27
4. Atlantic City Gamblers , Caedan Bankier 2 (Yegor Sokolov 2) at 15:14
Penalties :
Jean-Luc Foudy (ACG) for Tripping (Minor) at 2:48, Jakub Lauko (ACG) for Tripping (Minor) at 5:12, Nathan Bastian (ACG) for Interference (Minor) at 19:25
2nd period
5. Havana Tropicals , Zach Aston-Reese 2 (Timothy Liljegren 3, Sam Gagner 4) at 0:12 (PP)
6. Atlantic City Gamblers , Nils Hoglander 4 (Nathan Bastian 3, Filip Roos 2) at 1:45
7. Havana Tropicals , Zach Aston-Reese 3 (Emil Bemstrom 3, Sam Gagner 5) at 8:27
Penalties :
Samuel Blais (HAV) for Tripping (Minor) at 2:39, Ivan Miroshnichenko (ACG) for Holding (Minor) at 14:20
3rd period
8. Atlantic City Gamblers , Jean-Luc Foudy 3 (Yegor Sokolov 3, Erik Johnson 2) at 19:33
9. Havana Tropicals , Sasha Pastujov 2 (Alexander Nylander 6, Elmer Soderblom 1) at 19:49
Penalties :
Ronnie Attard (ACG) for Slashing (Minor) at 9:15
Goalie Stats
Arvid Soderblom (HAV), 28 saves from 32 shots - (0.875), W, 4-1-0, 60:00 minutes
Nico Daws (ACG), 23 saves from 28 shots - (0.821), L, 0-2-0, 59:22 minutes
Players Stats for Havana Tropicals
Player Name G A P +/- PIM S H SB GA TA FO MP PP MP PK MP
------------------------------------------------------------------------------------
0 0 0 0 0 0 0 0 0 0 0/0 0:00 0:00 0:00
Aidan McDonough 0 0 0 -1 0 0 0 0 0 0 0/0 5:05 0:35 0:12
Alexander Nylander 0 1 1 0 0 2 1 1 1 0 0/2 24:02 3:20 0:53
Darren Raddysh 0 0 0 1 0 1 2 1 0 2 0/0 20:49 4:56 1:10
Dennis Cholowski 0 0 0 1 0 0 0 1 0 0 0/0 12:22 0:21 0:00
Elmer Soderblom 0 1 1 1 0 1 1 0 1 0 3/4 6:40 0:00 0:00
Emil Bemstrom 0 1 1 0 0 2 0 1 2 0 0/1 18:36 4:19 0:54
Jakub Vrana 1 1 2 1 0 4 0 0 0 0 0/0 13:18 0:36 0:12
Matt Grzelcyk 0 1 1 1 0 1 1 1 0 2 0/0 20:49 4:56 1:10
Mattias Norlinder 0 1 1 1 0 0 1 1 0 0 0/0 12:22 0:21 0:00
Nick Abruzzese 0 0 0 1 0 0 0 0 0 0 6/11 13:01 0:32 0:00
Nicklas Backstrom 0 0 0 -1 0 0 4 2 1 2 7/12 20:13 3:20 0:53
Pavel Dorofeyev 0 0 0 -2 0 2 1 0 2 0 0/0 20:25 3:17 0:54
Sam Gagner 0 2 2 -1 0 4 1 0 2 0 14/22 18:27 4:19 0:00
Samuel Blais 1 1 2 1 2 4 0 0 0 0 1/1 13:09 0:56 0:00
Sasha Pastujov 1 0 1 1 0 1 1 0 0 0 0/0 7:07 0:26 0:00
Timothy Liljegren 0 1 1 -2 0 1 0 1 1 1 0/0 26:49 3:26 0:49
Zach Aston-Reese 2 0 2 0 0 5 3 0 0 0 0/1 17:57 4:29 0:00
Zach Whitecloud 0 0 0 -2 0 0 3 4 0 0 0/0 26:49 3:26 0:49
Players Stats for Atlantic City Gamblers
Player Name G A P +/- PIM S H SB GA TA FO MP PP MP PK MP
------------------------------------------------------------------------------------
0 0 0 0 0 0 0 0 0 0 0/0 0:00 0:00 0:00
Alex Beaucage 0 0 0 1 0 0 0 1 0 0 0/0 8:36 0:00 0:00
Alexander Holtz 0 0 0 0 0 3 0 0 0 0 0/0 14:16 0:54 0:41
Ben King 0 0 0 -1 0 0 2 1 1 0 1/1 13:07 0:04 1:44
Boris Katchouk 0 1 1 0 0 1 0 0 0 0 1/1 17:24 0:54 4:11
Caedan Bankier 1 0 1 0 0 1 1 1 0 0 2/6 7:29 0:00 0:00
Erik Johnson 0 1 1 0 0 3 1 2 2 1 0/0 26:37 1:00 3:14
Filip Roos 0 1 1 2 0 1 0 0 0 1 0/0 12:51 0:00 0:50
Isac Lundestrom 1 0 1 0 0 5 0 2 0 0 7/15 21:09 1:01 3:17
Ivan Miroshnichenko 0 0 0 -1 2 1 0 0 0 0 0/0 12:46 0:04 1:02
Jakub Lauko 0 0 0 0 2 1 2 0 0 0 2/10 13:58 0:54 0:16
Jean-Luc Foudy 1 0 1 0 2 1 0 0 0 0 7/13 12:55 0:04 0:42
Nathan Bastian 0 1 1 0 2 0 1 0 0 0 2/2 20:33 1:01 2:56
Nicolas Hague 0 0 0 0 0 3 1 2 2 2 0/0 26:49 1:00 3:24
Nils Hoglander 1 1 2 0 0 7 0 2 2 0 1/6 21:11 1:01 3:17
Noah Juulsen 0 0 0 -2 0 1 0 0 0 2 0/0 19:55 0:59 4:39
Ronnie Attard 0 0 0 2 2 0 2 2 0 1 0/0 12:37 0:00 0:00
Simon Edvinsson 0 0 0 -2 0 1 2 2 0 2 0/0 19:55 0:59 4:39
Yegor Sokolov 0 2 2 1 0 3 1 1 0 1 0/0 9:04 0:00 0:00
3 Stars
1 - Zach Aston-Reese (HAV)
2 - Jakub Vrana (HAV)
3 - Nils Hoglander (ACG)
Power Play
Havana Tropicals - 1 on 5 Attempt(s) - 20.00%
Atlantic City Gamblers - 0 on 1 Attempt(s) - 0.00%
Penalty Kill
Havana Tropicals - 1 on 1 Attempt(s) - 100.00%
- Score 0 goal in Penalty Kill
Atlantic City Gamblers - 4 on 5 Attempt(s) - 80.00%
- Score 0 goal in Penalty Kill
Team Stat
Havana Tropicals - Hits : 19 - Faceoff Wins : 31 - Blocked Shots : 13 - Penalty Minutes : 2
Atlantic City Gamblers - Hits : 13 - Faceoff Wins : 23 - Blocked Shots : 16 - Penalty Minutes : 10
Official
Referees : Brandon Schrader and Morgan Macphee
Linesman : Jesse Marquis and Travis Gawryletz
Game Notes
5:01 of 1st period - Havana Tropicals goal is going for a video replay. After video review, Goal.
Havana Tropicals
5 vs 5 Forward
Center Left Wing Right Wing Time % Phy DF OF
1 Nicklas Backstrom Alexander Nylander Pavel Dorofeyev 30 1 2 2
2 Sam Gagner Emil Bemstrom Zach Aston-Reese 30 1 2 2
3 Nick Abruzzese Jakub Vrana Samuel Blais 25 1 2 2
4 Elmer Soderblom Sasha Pastujov Alexander Nylander 15 1 2 2
5 vs 5 Defense
Defense Defense Time % Phy DF OF
1 Timothy Liljegren Zach Whitecloud 30 1 2 2
2 Darren Raddysh Matt Grzelcyk 30 1 2 2
3 Dennis Cholowski Mattias Norlinder 25 1 2 2
4 Timothy Liljegren Zach Whitecloud 15 1 2 2
PowerPlay Forward
Center Left Wing Right Wing Time % Phy DF OF
1 Nicklas Backstrom Alexander Nylander Pavel Dorofeyev 50 1 2 2
2 Sam Gagner Emil Bemstrom Zach Aston-Reese 50 1 2 2
PowerPlay Defense
Defense Defense Time % Phy DF OF
1 Timothy Liljegren Zach Whitecloud 50 1 2 2
2 Darren Raddysh Matt Grzelcyk 50 1 2 2
Penalty Kill 4 Players Forward
Center Wing Time % Phy DF OF
1 Alexander Nylander Nicklas Backstrom 50 1 2 2
2 Pavel Dorofeyev Emil Bemstrom 50 1 2 2
Penalty Kill 4 Players Defense
Defense Defense Time % Phy DF OF
1 Timothy Liljegren Zach Whitecloud 50 1 2 2
2 Darren Raddysh Matt Grzelcyk 50 1 2 2
Penalty Kill - 3 Players Forward
Forward Time % Phy DF OF
1 Alexander Nylander 50 1 2 2
2 Nicklas Backstrom 50 1 2 2
Penalty Kill - 3 Players Defense
Defense Defense Time % Phy DF OF
1 Timothy Liljegren Zach Whitecloud 50 1 2 2
2 Darren Raddysh Matt Grzelcyk 50 1 2 2
4 vs 4 Forward
Center Wing Time % Phy DF OF
1 Alexander Nylander Nicklas Backstrom 50 1 2 2
2 Pavel Dorofeyev Emil Bemstrom 50 1 2 2
4 vs 4 Defense
Defense Defense Time % Phy DF OF
1 Timothy Liljegren Zach Whitecloud 50 1 2 2
2 Darren Raddysh Matt Grzelcyk 50 1 2 2
Last Minutes Offensive
Center Left Wing Right Wing Defense Defense
Nicklas Backstrom Alexander Nylander Pavel Dorofeyev Timothy Liljegren Zach Whitecloud
Last Minutes Defensive
Center Left Wing Right Wing Defense Defense
Nicklas Backstrom Alexander Nylander Pavel Dorofeyev Timothy Liljegren Zach Whitecloud
Goaltenders
Starting : Arvid Soderblom
Backup : Devin Cooley
Extra Forwards
Normal : Aidan McDonough, Samuel Blais, Jakub Vrana - PP : Aidan McDonough, Samuel Blais - PK : Jakub Vrana
Extra Defensemen
Normal : Dennis Cholowski, Mattias Norlinder, Darren Raddysh - PP : Dennis Cholowski - PK : Mattias Norlinder, Darren Raddysh
Penalty Shots
Alexander Nylander, Nicklas Backstrom, Pavel Dorofeyev, Emil Bemstrom, Zach Aston-Reese
Scratches
Nolan Foote (Healthy), Dmitri Kuzmin (Healthy), Ryan McAllister (Healthy), Dylan Wells (Healthy)
Atlantic City Gamblers
5 vs 5 Forward
Center Left Wing Right Wing Time % Phy DF OF
1 Isac Lundestrom Nils Hoglander Nathan Bastian 30 1 2 2
2 Jakub Lauko Boris Katchouk Alexander Holtz 30 1 2 2
3 Jean-Luc Foudy Ivan Miroshnichenko Ben King 25 1 2 2
4 Caedan Bankier Yegor Sokolov Alex Beaucage 15 1 2 2
5 vs 5 Defense
Defense Defense Time % Phy DF OF
1 Nicolas Hague Erik Johnson 30 1 2 2
2 Noah Juulsen Simon Edvinsson 30 1 2 2
3 Ronnie Attard Filip Roos 25 1 2 2
4 Nicolas Hague Erik Johnson 15 1 2 2
PowerPlay Forward
Center Left Wing Right Wing Time % Phy DF OF
1 Isac Lundestrom Nils Hoglander Nathan Bastian 50 1 2 2
2 Jakub Lauko Boris Katchouk Alexander Holtz 50 1 2 2
PowerPlay Defense
Defense Defense Time % Phy DF OF
1 Nicolas Hague Erik Johnson 50 1 2 2
2 Noah Juulsen Simon Edvinsson 50 1 2 2
Penalty Kill 4 Players Forward
Center Wing Time % Phy DF OF
1 Nils Hoglander Isac Lundestrom 50 1 2 2
2 Nathan Bastian Boris Katchouk 50 1 2 2
Penalty Kill 4 Players Defense
Defense Defense Time % Phy DF OF
1 Nicolas Hague Erik Johnson 50 1 2 2
2 Noah Juulsen Simon Edvinsson 50 1 2 2
Penalty Kill - 3 Players Forward
Forward Time % Phy DF OF
1 Nils Hoglander 50 1 2 2
2 Isac Lundestrom 50 1 2 2
Penalty Kill - 3 Players Defense
Defense Defense Time % Phy DF OF
1 Nicolas Hague Erik Johnson 50 1 2 2
2 Noah Juulsen Simon Edvinsson 50 1 2 2
4 vs 4 Forward
Center Wing Time % Phy DF OF
1 Nils Hoglander Isac Lundestrom 50 1 2 2
2 Nathan Bastian Boris Katchouk 50 1 2 2
4 vs 4 Defense
Defense Defense Time % Phy DF OF
1 Nicolas Hague Erik Johnson 50 1 2 2
2 Noah Juulsen Simon Edvinsson 50 1 2 2
Last Minutes Offensive
Center Left Wing Right Wing Defense Defense
Isac Lundestrom Nils Hoglander Nathan Bastian Nicolas Hague Erik Johnson
Last Minutes Defensive
Center Left Wing Right Wing Defense Defense
Isac Lundestrom Nils Hoglander Nathan Bastian Nicolas Hague Erik Johnson
Goaltenders
Starting : Nico Daws
Backup : Unknown Goalie
Extra Forwards
Normal : Ivan Miroshnichenko, Jean-Luc Foudy, Ben King - PP : Ivan Miroshnichenko, Jean-Luc Foudy - PK : Ben King
Extra Defensemen
Normal : Ronnie Attard, Filip Roos, Noah Juulsen - PP : Ronnie Attard - PK : Filip Roos, Noah Juulsen
Penalty Shots
Nils Hoglander, Isac Lundestrom, Nathan Bastian, Boris Katchouk, Alexander Holtz
Scratches
Daniil Chayka (Healthy), Artyom Grushnikov (Healthy), Filip Johansson (Healthy), Michael Vukojevic (Healthy), Layton Ahac (Healthy)
Antti Raanta (Healthy), Isaiah Saville (Healthy)
% Time on Ice - Havana Tropicals
Lines # - Real PCT - Wanted PCT - Time Play
Normal Forward
1 - 30% - 30% - 14:31
2 - 33% - 30% - 16:09
3 - 25% - 25% - 12:02
4 - 12% - 15% - 5:39
Normal Defense
1 - 32% - 30% - 15:25
2 - 30% - 30% - 14:43
3 - 24% - 25% - 11:44
4 - 13% - 15% - 6:29
PP Forward
1 - 38% - 50% - 3:20
2 - 62% - 50% - 5:23
PP Defense
1 - 43% - 50% - 3:47
2 - 57% - 50% - 4:56
PK Forward
1 - 45% - 50% - 0:53
2 - 55% - 50% - 1:06
PK Defense
1 - 41% - 50% - 0:49
2 - 59% - 50% - 1:10
PK3 Forward
1 - 0% - 50%
2 - 0% - 50%
PK3 Defense
1 - 0% - 50%
2 - 0% - 50%
44 Forward
1 - 0% - 50%
2 - 0% - 50%
44 Defense
1 - 0% - 50%
2 - 0% - 50%
Last Minute Offensive - 0:00
Last Minute Defensive - 0:57
Total
Forward - 60:00
Defense - 60:00
|
% Time on Ice - Atlantic City Gamblers
Lines # - Real PCT - Wanted PCT - Time Play
Normal Forward
1 - 33% - 30% - 15:44
2 - 33% - 30% - 15:46
3 - 19% - 25% - 9:23
4 - 15% - 15% - 7:29
Normal Defense
1 - 33% - 30% - 15:57
2 - 30% - 30% - 14:17
3 - 25% - 25% - 12:20
4 - 12% - 15% - 5:48
PP Forward
1 - 51% - 50% - 1:01
2 - 49% - 50% - 0:58
PP Defense
1 - 50% - 50% - 1:00
2 - 50% - 50% - 0:59
PK Forward
1 - 39% - 50% - 3:22
2 - 61% - 50% - 5:21
PK Defense
1 - 39% - 50% - 3:24
2 - 61% - 50% - 5:19
PK3 Forward
1 - 0% - 50%
2 - 0% - 50%
PK3 Defense
1 - 0% - 50%
2 - 0% - 50%
44 Forward
1 - 0% - 50%
2 - 0% - 50%
44 Defense
1 - 0% - 50%
2 - 0% - 50%
Last Minute Offensive - 0:56
Last Minute Defensive - 0:00
Total
Forward - 60:00
Defense - 60:00
|
Play-by-Play
1st period
0:01 of 1st period - Isac Lundestrom wins face-off versus Nicklas Backstrom in neutral zone.
1:55 of 1st period - Off-side.
1:56 of 1st period - Jean-Luc Foudy wins face-off versus Nick Abruzzese in neutral zone.
2:29 of 1st period - Backhand shot by Ben King.
2:29 of 1st period - Shot Blocked by Zach Whitecloud.
2:31 of 1st period - Backhand shot by Nicolas Hague.
2:31 of 1st period - Stopped by Arvid Soderblom with a rebound.
2:48 of 1st period - Minor Penalty to Jean-Luc Foudy for Tripping.
2:49 of 1st period - Sam Gagner wins face-off versus Nils Hoglander in Atlantic City Gamblers zone.
2:53 of 1st period - Wrist shot by Sam Gagner.
2:53 of 1st period - Shot Misses the Net.
2:55 of 1st period - Backhand shot by Zach Aston-Reese.
2:55 of 1st period - Shot Misses the Net.
2:57 of 1st period - Slapshot by Zach Aston-Reese.
2:57 of 1st period - Shot Misses the Net.
2:59 of 1st period - Slapshot by Matt Grzelcyk.
2:59 of 1st period - Shot Blocked by Isac Lundestrom.
3:20 of 1st period - Snap shot by Pavel Dorofeyev.
3:20 of 1st period - Shot Misses the Net.
3:39 of 1st period - Boris Katchouk is hit by Sam Gagner and loses puck.
4:48 of 1st period - Penalty to Jean-Luc Foudy is over, Jean-Luc Foudy is back on ice.
4:55 of 1st period - Snap shot by Jakub Vrana.
4:55 of 1st period - Shot Blocked by Nicolas Hague.
4:59 of 1st period - Snap shot by Jakub Vrana.
4:59 of 1st period - Shot Blocked by Erik Johnson.
5:01 of 1st period - Slapshot by Samuel Blais.
5:01 of 1st period - Havana Tropicals goal is going for a video replay.
5:01 of 1st period - The goal is good.
5:01 of 1st period - Goal by Samuel Blais - Havana Tropicals : 1 - Atlantic City Gamblers : 0.
5:02 of 1st period - Sam Gagner wins face-off versus Jakub Lauko in neutral zone.
5:12 of 1st period - Minor Penalty to Jakub Lauko for Tripping.
5:13 of 1st period - Nathan Bastian wins face-off versus Sam Gagner in Atlantic City Gamblers zone.
7:12 of 1st period - Penalty to Jakub Lauko is over, Jakub Lauko is back on ice.
8:28 of 1st period - Snap shot by Isac Lundestrom.
8:28 of 1st period - Stopped by Arvid Soderblom without a rebound.
8:29 of 1st period - Isac Lundestrom wins face-off versus Zach Aston-Reese in Havana Tropicals zone.
8:32 of 1st period - Snap shot by Nils Hoglander.
8:32 of 1st period - Deflect By Emil Bemstrom.
8:32 of 1st period - Shot Misses the Net.
8:32 of 1st period - Puck is out of play.
8:33 of 1st period - Sam Gagner wins face-off versus Jakub Lauko in Havana Tropicals zone.
8:49 of 1st period - Snap shot by Emil Bemstrom.
8:49 of 1st period - Stopped by Nico Daws with a rebound.
8:59 of 1st period - Slapshot by Nils Hoglander.
8:59 of 1st period - Shot Blocked by Matt Grzelcyk.
9:01 of 1st period - Snap shot by Isac Lundestrom.
9:01 of 1st period - Shot Misses the Net.
9:03 of 1st period - Wrist shot by Isac Lundestrom.
9:03 of 1st period - Shot Misses the Net.
9:05 of 1st period - Snap shot by Isac Lundestrom.
9:05 of 1st period - Deflect By Matt Grzelcyk.
9:05 of 1st period - Goal by Isac Lundestrom - Havana Tropicals : 1 - Atlantic City Gamblers : 1.
9:06 of 1st period - Sam Gagner wins face-off versus Isac Lundestrom in neutral zone.
9:17 of 1st period - Snap shot by Sam Gagner.
9:17 of 1st period - Stopped by Nico Daws with a rebound.
9:19 of 1st period - Snap shot by Emil Bemstrom.
9:19 of 1st period - Shot Hit the Post.
9:21 of 1st period - Slapshot by Zach Whitecloud.
9:21 of 1st period - Shot Blocked by Nils Hoglander.
9:53 of 1st period - Slapshot by Yegor Sokolov.
9:53 of 1st period - Deflect By Alex Beaucage.
9:53 of 1st period - Shot Blocked by Nicklas Backstrom.
9:53 of 1st period - Puck is out of play.
9:54 of 1st period - Sam Gagner wins face-off versus Caedan Bankier in Havana Tropicals zone.
10:25 of 1st period - Snap shot by Samuel Blais.
10:25 of 1st period - Stopped by Nico Daws with a rebound.
10:27 of 1st period - Slapshot by Matt Grzelcyk.
10:27 of 1st period - Deflect By Jakub Vrana.
10:27 of 1st period - Goal by Jakub Vrana - Havana Tropicals : 2 - Atlantic City Gamblers : 1.
10:28 of 1st period - Nicklas Backstrom wins face-off versus Jakub Lauko in neutral zone.
11:01 of 1st period - Wrist shot by Nils Hoglander.
11:01 of 1st period - Stopped by Arvid Soderblom with a rebound.
11:22 of 1st period - Backhand shot by Jakub Vrana.
11:22 of 1st period - Shot Blocked by Ben King.
11:24 of 1st period - Wrist shot by Samuel Blais.
11:24 of 1st period - Shot Blocked by Ronnie Attard.
11:26 of 1st period - Slapshot by Timothy Liljegren.
11:26 of 1st period - Shot Blocked by Ronnie Attard.
11:28 of 1st period - Snap shot by Nick Abruzzese.
11:28 of 1st period - Shot Misses the Net.
12:02 of 1st period - Snap shot by Alexander Holtz.
12:02 of 1st period - Deflect By Emil Bemstrom.
12:02 of 1st period - Stopped by Arvid Soderblom with a rebound.
12:04 of 1st period - Wrist shot by Jakub Lauko.
12:04 of 1st period - Shot Hit the Post.
12:06 of 1st period - Slapshot by Noah Juulsen.
12:06 of 1st period - Stopped by Arvid Soderblom with a rebound.
12:08 of 1st period - Wrist shot by Simon Edvinsson.
12:08 of 1st period - Stopped by Arvid Soderblom with a rebound.
12:52 of 1st period - Yegor Sokolov is hit by Elmer Soderblom.
13:12 of 1st period - Alexander Nylander is hit by Nicolas Hague and loses puck.
13:31 of 1st period - Timothy Liljegren is hit by Nathan Bastian and loses puck.
13:59 of 1st period - Off-side.
14:00 of 1st period - Caedan Bankier wins face-off versus Elmer Soderblom in neutral zone.
14:02 of 1st period - Off-side.
14:03 of 1st period - Elmer Soderblom wins face-off versus Caedan Bankier in neutral zone.
14:12 of 1st period - Slapshot by Elmer Soderblom.
14:12 of 1st period - Stopped by Nico Daws without a rebound.
14:13 of 1st period - Isac Lundestrom wins face-off versus Nicklas Backstrom in Atlantic City Gamblers zone.
14:20 of 1st period - Wrist shot by Isac Lundestrom.
14:20 of 1st period - Shot Misses the Net.
14:49 of 1st period - Boris Katchouk is hit by Zach Aston-Reese and loses puck.
15:14 of 1st period - Slapshot by Caedan Bankier.
15:14 of 1st period - Goal by Caedan Bankier - Havana Tropicals : 2 - Atlantic City Gamblers : 2.
15:15 of 1st period - Nicklas Backstrom wins face-off versus Isac Lundestrom in neutral zone.
15:40 of 1st period - Emil Bemstrom is hit by Jakub Lauko and loses puck.
16:01 of 1st period - Slapshot by Jakub Vrana.
16:01 of 1st period - Stopped by Nico Daws with a rebound.
16:12 of 1st period - Jakub Vrana is hit by Simon Edvinsson.
17:12 of 1st period - Snap shot by Jakub Lauko.
17:12 of 1st period - Stopped by Arvid Soderblom without a rebound.
17:13 of 1st period - Nick Abruzzese wins face-off versus Jean-Luc Foudy in Havana Tropicals zone.
17:45 of 1st period - Snap shot by Nathan Bastian.
17:45 of 1st period - Deflect By Isac Lundestrom.
17:45 of 1st period - Stopped by Arvid Soderblom with a rebound.
17:47 of 1st period - Slapshot by Isac Lundestrom.
17:47 of 1st period - Shot Misses the Net.
17:49 of 1st period - Slapshot by Filip Roos.
17:49 of 1st period - Shot Misses the Net.
18:58 of 1st period - Snap shot by Pavel Dorofeyev.
18:58 of 1st period - Stopped by Nico Daws with a rebound.
19:10 of 1st period - Snap shot by Nick Abruzzese.
19:10 of 1st period - Deflect By Jakub Vrana.
19:10 of 1st period - Shot Misses the Net.
19:10 of 1st period - Puck is out of play.
19:11 of 1st period - Nick Abruzzese wins face-off versus Isac Lundestrom in Atlantic City Gamblers zone.
19:18 of 1st period - Slapshot by Nick Abruzzese.
19:18 of 1st period - Shot Misses the Net.
19:25 of 1st period - Minor Penalty to Nathan Bastian for Interference.
19:26 of 1st period - Nicklas Backstrom wins face-off versus Nils Hoglander in Atlantic City Gamblers zone.
19:56 of 1st period - Snap shot by Alexander Nylander.
19:56 of 1st period - Shot Misses the Net.
19:58 of 1st period - Snap shot by Darren Raddysh.
19:58 of 1st period - Stopped by Nico Daws with a rebound.
Goals for this period are 2 for Havana Tropicals vs 2 for Atlantic City Gamblers.
Shots for this period are 9 for Havana Tropicals vs 10 for Atlantic City Gamblers.
2nd period
0:01 of 2nd period - Sam Gagner wins face-off versus Nils Hoglander in neutral zone.
0:04 of 2nd period - Snap shot by Sam Gagner.
0:04 of 2nd period - Shot Misses the Net.
0:06 of 2nd period - Slapshot by Timothy Liljegren.
0:06 of 2nd period - Shot Misses the Net.
0:08 of 2nd period - Snap shot by Zach Aston-Reese.
0:08 of 2nd period - Stopped by Nico Daws with a rebound.
0:10 of 2nd period - Slapshot by Timothy Liljegren.
0:10 of 2nd period - Deflect By Zach Aston-Reese.
0:10 of 2nd period - Stopped by Nico Daws with a rebound.
0:12 of 2nd period - Wrist shot by Zach Aston-Reese.
0:12 of 2nd period - Goal by Zach Aston-Reese - Havana Tropicals : 3 - Atlantic City Gamblers : 2.
0:13 of 2nd period - Jean-Luc Foudy wins face-off versus Alexander Nylander in neutral zone.
0:21 of 2nd period - Erik Johnson is hit by Nicklas Backstrom and loses puck.
0:54 of 2nd period - Wrist shot by Ivan Miroshnichenko.
0:54 of 2nd period - Shot Hit the Post.
0:56 of 2nd period - Slapshot by Ben King.
0:56 of 2nd period - Shot Misses the Net.
0:58 of 2nd period - Slapshot by Nicolas Hague.
0:58 of 2nd period - Shot Misses the Net.
1:00 of 2nd period - Snap shot by Erik Johnson.
1:00 of 2nd period - Stopped by Arvid Soderblom with a rebound.
1:02 of 2nd period - Slapshot by Nicolas Hague.
1:02 of 2nd period - Shot Misses the Net.
1:04 of 2nd period - Slapshot by Erik Johnson.
1:04 of 2nd period - Stopped by Arvid Soderblom without a rebound.
1:05 of 2nd period - Nicklas Backstrom wins face-off versus Isac Lundestrom in Havana Tropicals zone.
1:20 of 2nd period - Backhand shot by Isac Lundestrom.
1:20 of 2nd period - Shot Blocked by Alexander Nylander.
1:29 of 2nd period - Icing by Isac Lundestrom.
1:30 of 2nd period - Sam Gagner wins face-off versus Isac Lundestrom in Atlantic City Gamblers zone.
1:31 of 2nd period - Wrist shot by Zach Aston-Reese.
1:31 of 2nd period - Shot Misses the Net.
1:43 of 2nd period - Snap shot by Nils Hoglander.
1:43 of 2nd period - Stopped by Arvid Soderblom with a rebound.
1:45 of 2nd period - Snap shot by Nils Hoglander.
1:45 of 2nd period - Goal by Nils Hoglander - Havana Tropicals : 3 - Atlantic City Gamblers : 3.
1:46 of 2nd period - Boris Katchouk wins face-off versus Nicklas Backstrom in neutral zone.
2:22 of 2nd period - Snap shot by Emil Bemstrom.
2:22 of 2nd period - Shot Misses the Net.
2:24 of 2nd period - Slapshot by Zach Aston-Reese.
2:24 of 2nd period - Shot Misses the Net.
2:39 of 2nd period - Minor Penalty to Samuel Blais for Tripping.
2:40 of 2nd period - Nathan Bastian wins face-off versus Alexander Nylander in Havana Tropicals zone.
3:05 of 2nd period - Emil Bemstrom is hit by Jakub Lauko and loses puck.
4:39 of 2nd period - Penalty to Samuel Blais is over, Samuel Blais is back on ice.
4:40 of 2nd period - Off-side.
4:41 of 2nd period - Jean-Luc Foudy wins face-off versus Nick Abruzzese in neutral zone.
4:44 of 2nd period - Nick Abruzzese is hit by Ronnie Attard and loses puck.
5:12 of 2nd period - Snap shot by Alexander Nylander.
5:12 of 2nd period - Stopped by Nico Daws with a rebound.
5:31 of 2nd period - Simon Edvinsson is hit by Zach Whitecloud and loses puck.
6:33 of 2nd period - Snap shot by Alexander Holtz.
6:33 of 2nd period - Stopped by Arvid Soderblom with a rebound.
6:35 of 2nd period - Snap shot by Ronnie Attard.
6:35 of 2nd period - Deflect By Alexander Holtz.
6:35 of 2nd period - Shot Hit the Post.
6:35 of 2nd period - Puck is out of play.
6:36 of 2nd period - Nick Abruzzese wins face-off versus Jakub Lauko in Havana Tropicals zone.
7:10 of 2nd period - Emil Bemstrom is hit by Erik Johnson and loses puck.
8:05 of 2nd period - Wrist shot by Alexander Holtz.
8:05 of 2nd period - Stopped by Arvid Soderblom without a rebound.
8:06 of 2nd period - Isac Lundestrom wins face-off versus Sam Gagner in Havana Tropicals zone.
8:07 of 2nd period - Wrist shot by Nils Hoglander.
8:07 of 2nd period - Stopped by Arvid Soderblom with a rebound.
8:15 of 2nd period - Snap shot by Sam Gagner.
8:15 of 2nd period - Deflect By Emil Bemstrom.
8:15 of 2nd period - Shot Misses the Net.
8:15 of 2nd period - Puck is out of play.
8:16 of 2nd period - Sam Gagner wins face-off versus Nils Hoglander in Atlantic City Gamblers zone.
8:19 of 2nd period - Snap shot by Emil Bemstrom.
8:19 of 2nd period - Shot Blocked by Nils Hoglander.
8:23 of 2nd period - Wrist shot by Sam Gagner.
8:23 of 2nd period - Stopped by Nico Daws with a rebound.
8:25 of 2nd period - Wrist shot by Emil Bemstrom.
8:25 of 2nd period - Shot Misses the Net.
8:27 of 2nd period - Slapshot by Zach Aston-Reese.
8:27 of 2nd period - Goal by Zach Aston-Reese - Havana Tropicals : 4 - Atlantic City Gamblers : 3.
8:28 of 2nd period - Isac Lundestrom wins face-off versus Nicklas Backstrom in neutral zone.
8:35 of 2nd period - Wrist shot by Alexander Nylander.
8:35 of 2nd period - Shot Misses the Net.
8:43 of 2nd period - Wrist shot by Alexander Nylander.
8:43 of 2nd period - Shot Misses the Net.
8:58 of 2nd period - Wrist shot by Emil Bemstrom.
8:58 of 2nd period - Shot Misses the Net.
9:22 of 2nd period - Wrist shot by Yegor Sokolov.
9:22 of 2nd period - Stopped by Arvid Soderblom with a rebound.
10:05 of 2nd period - Off-side.
10:06 of 2nd period - Samuel Blais wins face-off versus Jean-Luc Foudy in neutral zone.
11:34 of 2nd period - Wrist shot by Ivan Miroshnichenko.
11:34 of 2nd period - Stopped by Arvid Soderblom without a rebound.
11:35 of 2nd period - Isac Lundestrom wins face-off versus Sam Gagner in Havana Tropicals zone.
11:36 of 2nd period - Snap shot by Nils Hoglander.
11:36 of 2nd period - Stopped by Arvid Soderblom with a rebound.
11:38 of 2nd period - Slapshot by Isac Lundestrom.
11:38 of 2nd period - Shot Blocked by Emil Bemstrom.
11:44 of 2nd period - Snap shot by Isac Lundestrom.
11:44 of 2nd period - Shot Misses the Net.
11:46 of 2nd period - Wrist shot by Isac Lundestrom.
11:46 of 2nd period - Stopped by Arvid Soderblom with a rebound.
11:48 of 2nd period - Wrist shot by Nathan Bastian.
11:48 of 2nd period - Shot Misses the Net.
12:11 of 2nd period - Alexander Nylander is hit by Ben King and loses puck.
12:26 of 2nd period - Samuel Blais is hit by Yegor Sokolov and loses puck.
13:20 of 2nd period - Nils Hoglander is hit by Darren Raddysh and loses puck.
13:39 of 2nd period - Snap shot by Samuel Blais.
13:39 of 2nd period - Shot Misses the Net.
13:41 of 2nd period - Wrist shot by Mattias Norlinder.
13:41 of 2nd period - Deflect By Samuel Blais.
13:41 of 2nd period - Stopped by Nico Daws without a rebound.
13:42 of 2nd period - Sam Gagner wins face-off versus Jean-Luc Foudy in Atlantic City Gamblers zone.
13:49 of 2nd period - Wrist shot by Sam Gagner.
13:49 of 2nd period - Stopped by Nico Daws with a rebound.
13:51 of 2nd period - Slapshot by Timothy Liljegren.
13:51 of 2nd period - Shot Misses the Net.
13:53 of 2nd period - Snap shot by Zach Aston-Reese.
13:53 of 2nd period - Stopped by Nico Daws with a rebound.
14:12 of 2nd period - Slapshot by Timothy Liljegren.
14:12 of 2nd period - Shot Blocked by Nicolas Hague.
14:14 of 2nd period - Wrist shot by Nick Abruzzese.
14:14 of 2nd period - Shot Misses the Net.
14:20 of 2nd period - Minor Penalty to Ivan Miroshnichenko for Holding.
14:21 of 2nd period - Sam Gagner wins face-off versus Nils Hoglander in Atlantic City Gamblers zone.
14:26 of 2nd period - Snap shot by Emil Bemstrom.
14:26 of 2nd period - Deflect By Zach Aston-Reese.
14:26 of 2nd period - Shot Misses the Net.
14:26 of 2nd period - Puck is out of play.
14:27 of 2nd period - Nils Hoglander wins face-off versus Sam Gagner in Atlantic City Gamblers zone.
15:05 of 2nd period - Nathan Bastian is hit by Alexander Nylander and loses puck.
15:18 of 2nd period - Slapshot by Alexander Nylander.
15:18 of 2nd period - Shot Blocked by Erik Johnson.
16:20 of 2nd period - Penalty to Ivan Miroshnichenko is over, Ivan Miroshnichenko is back on ice.
16:21 of 2nd period - Icing by Timothy Liljegren.
16:22 of 2nd period - Sam Gagner wins face-off versus Jean-Luc Foudy in Havana Tropicals zone.
16:22 of 2nd period - Sam Gagner is hit by Ben King.
16:36 of 2nd period - Snap shot by Samuel Blais.
16:36 of 2nd period - Shot Blocked by Yegor Sokolov.
16:54 of 2nd period - Alex Beaucage is hit by Sasha Pastujov and loses puck.
17:49 of 2nd period - Icing by Darren Raddysh.
17:50 of 2nd period - Elmer Soderblom wins face-off versus Jean-Luc Foudy in Havana Tropicals zone.
17:59 of 2nd period - Slapshot by Matt Grzelcyk.
17:59 of 2nd period - Stopped by Nico Daws with a rebound.
18:01 of 2nd period - Slapshot by Elmer Soderblom.
18:01 of 2nd period - Shot Misses the Net.
18:41 of 2nd period - Slapshot by Jakub Lauko.
18:41 of 2nd period - Shot Blocked by Zach Whitecloud.
18:43 of 2nd period - Slapshot by Ronnie Attard.
18:43 of 2nd period - Shot Misses the Net.
18:45 of 2nd period - Slapshot by Filip Roos.
18:45 of 2nd period - Stopped by Arvid Soderblom with a rebound.
18:57 of 2nd period - Slapshot by Pavel Dorofeyev.
18:57 of 2nd period - Stopped by Nico Daws with a rebound.
19:19 of 2nd period - Slapshot by Timothy Liljegren.
19:19 of 2nd period - Stopped by Nico Daws without a rebound.
19:20 of 2nd period - Isac Lundestrom wins face-off versus Sam Gagner in Atlantic City Gamblers zone.
19:20 of 2nd period - Isac Lundestrom is hit by Zach Aston-Reese.
19:47 of 2nd period - Snap shot by Emil Bemstrom.
19:47 of 2nd period - Stopped by Nico Daws with a rebound.
19:49 of 2nd period - Wrist shot by Emil Bemstrom.
19:49 of 2nd period - Shot Blocked by Simon Edvinsson.
19:53 of 2nd period - Wrist shot by Emil Bemstrom.
19:53 of 2nd period - Shot Blocked by Isac Lundestrom.
19:55 of 2nd period - Snap shot by Matt Grzelcyk.
19:55 of 2nd period - Deflect By Emil Bemstrom.
19:55 of 2nd period - Shot Misses the Net.
19:55 of 2nd period - Puck is out of play.
19:56 of 2nd period - Jean-Luc Foudy wins face-off versus Nicklas Backstrom in Atlantic City Gamblers zone.
Goals for this period are 2 for Havana Tropicals vs 1 for Atlantic City Gamblers.
Shots for this period are 13 for Havana Tropicals vs 12 for Atlantic City Gamblers.
3rd period
0:01 of 3rd period - Nicklas Backstrom wins face-off versus Isac Lundestrom in neutral zone.
0:08 of 3rd period - Slapshot by Nicolas Hague.
0:08 of 3rd period - Deflect By Timothy Liljegren.
0:08 of 3rd period - Stopped by Arvid Soderblom without a rebound.
0:09 of 3rd period - Nicklas Backstrom wins face-off versus Isac Lundestrom in Havana Tropicals zone.
0:36 of 3rd period - Isac Lundestrom is hit by Nicklas Backstrom and loses puck.
1:05 of 3rd period - Isac Lundestrom is hit by Zach Whitecloud and loses puck.
2:12 of 3rd period - Wrist shot by Pavel Dorofeyev.
2:12 of 3rd period - Shot Misses the Net.
3:10 of 3rd period - Backhand shot by Nathan Bastian.
3:10 of 3rd period - Shot Blocked by Nicklas Backstrom.
3:12 of 3rd period - Snap shot by Nils Hoglander.
3:12 of 3rd period - Stopped by Arvid Soderblom with a rebound.
3:14 of 3rd period - Snap shot by Isac Lundestrom.
3:14 of 3rd period - Shot Misses the Net.
3:43 of 3rd period - Nicolas Hague is hit by Zach Whitecloud and loses puck.
4:00 of 3rd period - Nicolas Hague is hit by Nicklas Backstrom and loses puck.
4:11 of 3rd period - Nils Hoglander is hit by Pavel Dorofeyev and loses puck.
4:18 of 3rd period - Nils Hoglander is hit by Nicklas Backstrom and loses puck.
4:41 of 3rd period - Wrist shot by Nathan Bastian.
4:41 of 3rd period - Shot Misses the Net.
4:45 of 3rd period - Wrist shot by Nils Hoglander.
4:45 of 3rd period - Stopped by Arvid Soderblom with a rebound.
4:47 of 3rd period - Slapshot by Nicolas Hague.
4:47 of 3rd period - Shot Blocked by Zach Whitecloud.
5:05 of 3rd period - Wrist shot by Nils Hoglander.
5:05 of 3rd period - Shot Misses the Net.
5:07 of 3rd period - Snap shot by Isac Lundestrom.
5:07 of 3rd period - Stopped by Arvid Soderblom with a rebound.
5:09 of 3rd period - Slapshot by Nathan Bastian.
5:09 of 3rd period - Shot Blocked by Timothy Liljegren.
5:13 of 3rd period - Snap shot by Nils Hoglander.
5:13 of 3rd period - Shot Blocked by Zach Whitecloud.
5:15 of 3rd period - Slapshot by Erik Johnson.
5:15 of 3rd period - Shot Misses the Net.
6:29 of 3rd period - Snap shot by Isac Lundestrom.
6:29 of 3rd period - Shot Misses the Net.
6:31 of 3rd period - Slapshot by Erik Johnson.
6:31 of 3rd period - Stopped by Arvid Soderblom without a rebound.
6:32 of 3rd period - Sam Gagner wins face-off versus Jakub Lauko in Havana Tropicals zone.
6:40 of 3rd period - Icing by Noah Juulsen.
6:41 of 3rd period - Jakub Lauko wins face-off versus Emil Bemstrom in Atlantic City Gamblers zone.
6:46 of 3rd period - Boris Katchouk is hit by Matt Grzelcyk and loses puck.
6:53 of 3rd period - Slapshot by Emil Bemstrom.
6:53 of 3rd period - Shot Hit the Post.
7:05 of 3rd period - Wrist shot by Alexander Holtz.
7:05 of 3rd period - Shot Blocked by Darren Raddysh.
7:07 of 3rd period - Snap shot by Jakub Lauko.
7:07 of 3rd period - Deflect By Boris Katchouk.
7:07 of 3rd period - Stopped by Arvid Soderblom without a rebound.
7:08 of 3rd period - Jean-Luc Foudy wins face-off versus Nick Abruzzese in Havana Tropicals zone.
7:37 of 3rd period - Wrist shot by Yegor Sokolov.
7:37 of 3rd period - Stopped by Arvid Soderblom with a rebound.
7:39 of 3rd period - Slapshot by Filip Roos.
7:39 of 3rd period - Deflect By Caedan Bankier.
7:39 of 3rd period - Shot Blocked by Dennis Cholowski.
7:39 of 3rd period - Puck is out of play.
7:40 of 3rd period - Nick Abruzzese wins face-off versus Caedan Bankier in Havana Tropicals zone.
7:40 of 3rd period - Nick Abruzzese is hit by Caedan Bankier.
7:45 of 3rd period - Off-side.
7:46 of 3rd period - Jakub Lauko wins face-off versus Nick Abruzzese in neutral zone.
7:55 of 3rd period - Snap shot by Jakub Vrana.
7:55 of 3rd period - Stopped by Nico Daws without a rebound.
7:56 of 3rd period - Sam Gagner wins face-off versus Jakub Lauko in Atlantic City Gamblers zone.
7:59 of 3rd period - Slapshot by Emil Bemstrom.
7:59 of 3rd period - Shot Misses the Net.
8:01 of 3rd period - Wrist shot by Emil Bemstrom.
8:01 of 3rd period - Deflect By Sam Gagner.
8:01 of 3rd period - Stopped by Nico Daws without a rebound.
8:02 of 3rd period - Jean-Luc Foudy wins face-off versus Sam Gagner in Atlantic City Gamblers zone.
8:17 of 3rd period - Off-side.
8:18 of 3rd period - Nick Abruzzese wins face-off versus Jakub Lauko in neutral zone.
8:21 of 3rd period - Slapshot by Samuel Blais.
8:21 of 3rd period - Stopped by Nico Daws with a rebound.
8:34 of 3rd period - Slapshot by Jakub Vrana.
8:34 of 3rd period - Stopped by Nico Daws without a rebound.
8:35 of 3rd period - Sam Gagner wins face-off versus Jean-Luc Foudy in Atlantic City Gamblers zone.
8:38 of 3rd period - Snap shot by Zach Aston-Reese.
8:38 of 3rd period - Shot Misses the Net.
8:49 of 3rd period - Jean-Luc Foudy is hit by Darren Raddysh and loses puck.
9:06 of 3rd period - Off-side.
9:07 of 3rd period - Nick Abruzzese wins face-off versus Jakub Lauko in neutral zone.
9:15 of 3rd period - Minor Penalty to Ronnie Attard for Slashing.
9:16 of 3rd period - Ben King wins face-off versus Sam Gagner in Atlantic City Gamblers zone.
9:16 of 3rd period - Ben King is hit by Zach Aston-Reese.
10:55 of 3rd period - Jakub Vrana is hit by Simon Edvinsson and loses puck.
11:15 of 3rd period - Penalty to Ronnie Attard is over, Ronnie Attard is back on ice.
11:20 of 3rd period - Slapshot by Nicolas Hague.
11:20 of 3rd period - Stopped by Arvid Soderblom without a rebound.
11:21 of 3rd period - Caedan Bankier wins face-off versus Nick Abruzzese in Havana Tropicals zone.
11:30 of 3rd period - Yegor Sokolov is hit by Mattias Norlinder and loses puck.
16:15 of 3rd period - Nick Abruzzese is hit by Ronnie Attard and loses puck.
18:55 of 3rd period - Atlantic City Gamblers, Nico Daws is pulled from the net.
18:59 of 3rd period - Snap shot by Jean-Luc Foudy.
18:59 of 3rd period - Shot Blocked by Mattias Norlinder.
19:01 of 3rd period - Slapshot by Filip Roos.
19:01 of 3rd period - Shot Misses the Net.
19:03 of 3rd period - Snap shot by Yegor Sokolov.
19:03 of 3rd period - Stopped by Arvid Soderblom without a rebound.
19:04 of 3rd period - Mike Yeo call a timeout for Atlantic City Gamblers.
19:04 of 3rd period - Jean-Luc Foudy wins face-off versus Sam Gagner in Havana Tropicals zone.
19:33 of 3rd period - Slapshot by Jean-Luc Foudy.
19:33 of 3rd period - Goal by Jean-Luc Foudy - Havana Tropicals : 4 - Atlantic City Gamblers : 4.
19:33 of 3rd period - Nico Daws from Atlantic City Gamblers was sent back in the game.
19:34 of 3rd period - Elmer Soderblom wins face-off versus Caedan Bankier in neutral zone.
19:37 of 3rd period - Snap shot by Alexander Nylander.
19:37 of 3rd period - Shot Misses the Net.
19:39 of 3rd period - Snap shot by Elmer Soderblom.
19:39 of 3rd period - Shot Blocked by Simon Edvinsson.
19:41 of 3rd period - Slapshot by Matt Grzelcyk.
19:41 of 3rd period - Shot Misses the Net.
19:43 of 3rd period - Snap shot by Darren Raddysh.
19:43 of 3rd period - Shot Blocked by Alex Beaucage.
19:45 of 3rd period - Snap shot by Elmer Soderblom.
19:45 of 3rd period - Shot Blocked by Caedan Bankier.
19:47 of 3rd period - Snap shot by Alexander Nylander.
19:47 of 3rd period - Stopped by Nico Daws with a rebound.
19:49 of 3rd period - Backhand shot by Alexander Nylander.
19:49 of 3rd period - Deflect By Sasha Pastujov.
19:49 of 3rd period - Goal by Sasha Pastujov - Havana Tropicals : 5 - Atlantic City Gamblers : 4.
19:50 of 3rd period - Nicklas Backstrom wins face-off versus Isac Lundestrom in neutral zone.
Goals for this period are 1 for Havana Tropicals vs 1 for Atlantic City Gamblers.
Shots for this period are 6 for Havana Tropicals vs 10 for Atlantic City Gamblers.
Back to the Top